 Dungeon Crawl Stone Soup version 0.18.1-6-gd335043 (webtiles) character file.

22880 kae the Impaler (level 13, -5/111 HPs)
             Began as a Naga Fighter on May 16, 2016.
             Was a Priest of Cheibriados.
             Slain by a six-headed hydra (6 damage)
             ... on level 3 of the Lair of Beasts.
             The game lasted 00:28:54 (18650 turns).

kae the Impaler (Naga Fighter)                     Turns: 18650, Time: 00:28:55

Health: -5/111     AC: 13    Str: 25    XL:     13   Next: 3%
Magic:  13/22      EV:  7    Int: 19    God:    Cheibriados [***...]
Gold:   361        SH:  0    Dex: 26    Spells: 0 memorised, 12 levels left

rFire  . . .     SeeInvis +     a - +1 trident
rCold  . . .     Gourm    .     M - +1 scale mail
rNeg   + . .     Faith    .     (no shield)
rPois  +         Spirit   .     (no helmet)
rElec  .         Dismiss  .     O - +0 cloak
rCorr  .         Reflect  .     C - +2 pair of gloves {Dex+3}
SustAt .         Harm     .     (no barding)
MR     +....                    Q - amulet of rage
Stlth  +.........               e - ring of positive energy
                                m - +3 ring of intelligence

@: very slightly contaminated, invisible, very slow, somewhat resistant to
hostile enchantments, very unstealthy
A: see invisible, deformed body, poison resistance, slowness 2, slow metabolism
1, spit poison 2, constrict 1, AC +4
a: Spit Poison, Bend Time, Temporal Distortion, Renounce Religion, Evoke Berserk
Rage


You were on level 3 of the Lair of Beasts.
You worshipped Cheibriados.
Cheibriados was most pleased with you.
You were very hungry.

You visited 3 branches of the dungeon, and saw 15 of its levels.

You collected 707 gold pieces.
You spent 346 gold pieces at shops.

Inventory:

Hand Weapons
 a - a +1 trident (weapon)
 b - a +2 halberd of venom
Armour
 C - a +2 pair of gloves of dexterity (worn)
 L - a +0 shield
 M - a +1 scale mail (worn)
 O - a +0 cloak (worn)
Jewellery
 e - a ring of positive energy (right hand)
 j - an uncursed ring of fire
 m - a +3 ring of intelligence (left hand)
 q - an uncursed ring of flight
 Q - an amulet of rage (around neck)
Wands
 c - a wand of confusion (12/48)
 d - a wand of slowing (14/48)
 p - a wand of teleportation (4/9)
 E - a wand of slowing (30/48)
 F - a wand of polymorph (12/24)
 R - a wand of lightning (8/15)
 S - a wand of slowing (20/48)
Scrolls
 h - 4 scrolls of enchant armour
 l - a scroll of fear
 u - a scroll of magic mapping
 w - 5 scrolls of teleportation
 y - a scroll of recharging
 D - 5 scrolls of remove curse
 H - 2 scrolls of blinking
 P - a scroll of identify
Potions
 g - a potion of cure mutation {unknown}
 n - 3 potions of haste
 o - a potion of might
 s - 3 potions of magic
 t - a potion of invisibility
 x - a potion of ambrosia
 z - 3 potions of curing
 A - a potion of mutation
 B - 2 potions of brilliance
 G - a potion of agility
 I - a potion of flight
 K - 2 potions of lignification
Books
 J - a book of the Sky

   Spells                             Type                      Level
   a - Summon Lightning Spire         Summoning/Air                4
   b - Airstrike                      Air                          4
   c - Silence                        Hexes/Air                    5
   d - Deflect Missiles               Charms/Air                   6
   e - Conjure Ball Lightning         Conjuration/Air              6
   f - Tornado                        Air                          9
 N - a book of Cantrips

   Spells                             Type                      Level
   a - Corona                         Hexes                        1
   b - Animate Skeleton               Necromancy                   1
   c - Summon Small Mammal            Summoning                    1
   d - Apportation                    Translocation                1
Comestibles
 f - 11 bread rations
 i - 25 fruits
 k - 4 meat rations
 r - 10 beef jerkies
 v - a slice of pizza


   Skills:
 + Level 6.0 Fighting
 * Level 16.3 Polearms
 - Level 2.4 Armour
 - Level 2.4 Shields
 - Level 12.5 Invocations


You had 12 spell levels left.
You didn't know any spells.

Dungeon Overview and Level Annotations

Branches:
Dungeon (11/15)            Temple (1/1) D:6            Lair (3/8) D:9
  Swamp (0/4) Lair:3
  Snake: Lair:3-6    Spider: Lair:3-6       Orc: D:9-12

Altars:
Ashenzari
Cheibriados
Dithmenos
Elyvilon
Fedhas
Gozag
Kikubaaqudgha
Makhleb
Nemelex Xobeh
Okawaru
Pakellas
Qazlal
Ru
Sif Muna
Trog
Vehumet
Xom
Yredelemnul
Zin
The Shining One

Shops:
D:4 ?   D:6 *   D:8 *


Innate Abilities, Weirdness & Mutations

You cannot wear boots.
Your serpentine skin is tough (AC +4).
You have supernaturally acute eyesight.
Armour fits poorly on your strangely shaped body.
Your system is resistant to poisons.
You cover ground very slowly.
You have a slow metabolism.
You can spit poison.
You can use your snake-like lower body to constrict enemies.


Message History

The six-headed hydra closely misses you.
The six-headed hydra bites you.
The six-headed hydra barely misses you. x2
The six-headed hydra bites you!
* * * LOW HITPOINT WARNING * * *
You warp the flow of time around you!
You feel somewhat more hungry.
Cheibriados lowers the support of your attributes as your movement quickens.
You warp the flow of time around you!
You are feeling very hungry.
The six-headed hydra bites you but does no damage. x3
The six-headed hydra barely misses you. The six-headed hydra bites you.
* * * LOW HITPOINT WARNING * * *
The six-headed hydra bites you.
* * * LOW HITPOINT WARNING * * *
The six-headed hydra bites you but does no damage.
The six-headed hydra bites you.
* * * LOW HITPOINT WARNING * * *
The six-headed hydra bites you!
* * * LOW HITPOINT WARNING * * *
The six-headed hydra bites you.
You die...

.# ...........# .# ##
#....##....##.##... ##
##### #............ .#
### ##...#P....# .#
###.#######.##..#..
.##
##P.#..#.##...##...
..###............##..#
####...P#..#.#.#.##..#
# ##..########D@....#
#..## #.....##.#
###..# ###..## #
###.#..# #...#
.###...# #.P.#.#
.##....# .........
.#..##......####..##P#
.....##....# #..P ##
P#..#.#...#. ...#


You could see a six-headed hydra.

Vanquished Creatures
  Harold (Lair:1)
  A hydra (Lair:3)
  A death yak (Lair:3)
  The ghost of eragonby the Infuser, a journeyman DECj of Vehumet (D:11)
  Nergalle (D:10)
  4 skeletal warriors (D:11)
  A hill giant (D:11)
  2 ugly things (D:11)
  Psyche (D:9)
  A spiny frog (Lair:2)
  4 komodo dragons
  3 trolls
  A polar bear (Lair:3)
  4 two-headed ogres
  Grinder (D:3)
  A shadow (D:11)
  17 yaks
  7 hippogriffs
  2 hungry ghosts
  Menkaure (D:4)
  4 water moccasins
  7 porcupines
  4 ice beasts
  4 orc warriors
  Duvessa (D:4)
  2 eyes of draining
  2 sky beasts
  3 phantoms
  2 black bears
  5 wolves (Lair:1)
  8 ogres
  A necrophage (D:11)
  4 centaurs
  2 big kobolds (D:10)
  8 crocodiles
  10 giant frogs
  A wyvern zombie (D:11)
  Dowan (D:4)
  7 scorpions
  5 killer bees (D:9)
  12 howler monkeys
  3 crimson imps
  3 centaur zombies
  5 orc wizards
  4 orc priests
  7 hounds
  3 jellies
  4 centaur skeletons
  Natasha (thrice) (D:4)
  6 iguanas
  2 hell rats (Lair:3)
  6 worker ants
  5 sheep (Lair:1)
  2 hound skeletons
  A worker ant zombie (D:7)
  A gnoll (D:1)
  10 adders
  35 river rats
  2 shadow imps
  2 oozes
  An adder skeleton (D:6)
  2 worms
  2 dart slugs
  7 giant geckos
  36 orcs
  4 giant cockroaches
  7 goblins
  10 hobgoblins
  14 jackals
  15 kobolds
  5 quokkas
  2 ball pythons
  8 bats
  A giant gecko zombie (D:6)
  4 giant newts
  A jackal zombie (D:8)
  A quokka skeleton (D:5)
  7 rats
  A butterfly (D:6)
380 creatures vanquished.

Vanquished Creatures (others)
  A bush (Lair:3)
  4 fungi (Lair:3)
  4 plants
9 creatures vanquished.

Grand Total: 389 creatures vanquished

Notes
Turn   | Place    | Note
--------------------------------------------------------------
     0 | D:1      | kae the Naga Fighter began the quest for the Orb.
     0 | D:1      | Reached XP level 1. HP: 21/21 MP: 1/1
    65 | D:1      | Reached XP level 2. HP: 25/28 MP: 2/2
    80 | D:1      | Reached skill level 3 in Polearms
   466 | D:1      | Reached XP level 3. HP: 26/34 MP: 3/3
  1018 | D:2      | Reached skill level 4 in Polearms
  1028 | D:2      | Reached XP level 4. HP: 32/42 MP: 4/4
  1178 | D:2      | Found an ancient bone altar of Kikubaaqudgha.
  1904 | D:3      | Reached skill level 5 in Polearms
  2040 | D:3      | Reached XP level 5. HP: 49/49 MP: 5/5
  2045 | D:3      | Noticed Grinder
  2048 | D:3      | Paralysed by Grinder for 5 turns
  2059 | D:3      | Killed Grinder
  2059 | D:3      | Reached skill level 6 in Polearms
  2059 | D:3      | Reached XP level 6. HP: 28/56 MP: 6/6
  2387 | D:4      | Found Xofyeg's Magic Scroll Shop.
  2400 | D:4      | Noticed Menkaure
  2405 | D:4      | Bought a scroll of identify for 22 gold pieces
  2405 | D:4      | Bought a scroll of teleportation for 33 gold pieces
  2432 | D:4      | Killed Menkaure
  2432 | D:4      | Reached skill level 7 in Polearms
  2432 | D:4      | Reached XP level 7. HP: 58/62 MP: 7/7
  2449 | D:4      | Found a shimmering altar of Xom.
  2791 | D:4      | Noticed Dowan
  2792 | D:4      | Noticed Duvessa
  2810 | D:4      | Killed Duvessa
  2810 | D:4      | Reached skill level 8 in Polearms
  2822 | D:4      | Killed Dowan
  2949 | D:4      | Noticed Natasha
  2961 | D:4      | Killed Natasha
  3090 | D:4      | Noticed Natasha
  3098 | D:4      | Killed Natasha
  3204 | D:4      | Noticed Natasha
  3209 | D:4      | Killed Natasha
  3235 | D:5      | Entered Level 5 of the Dungeon
  3477 | D:5      | Reached skill level 9 in Polearms
  3477 | D:5      | Reached XP level 8. HP: 49/69 MP: 8/8
  3888 | D:5      | Reached skill level 10 in Polearms
  4192 | D:6      | Found a staircase to the Ecumenical Temple.
  4430 | Temple   | Entered the Ecumenical Temple
  4500 | Temple   | Became a worshipper of Cheibriados the Contemplative
  4550 | D:6      | Reached skill level 1 in Invocations
  4673 | D:6      | Reached XP level 9. HP: 35/75 MP: 10/10
  4945 | D:6      | Reached skill level 11 in Polearms
  5276 | D:6      | Found Laniluum's General Store.
  5281 | D:6      | Bought a potion of heal wounds for 55 gold pieces
  5362 | D:6      | Found a glowing silver altar of Zin.
  5362 | D:6      | Found a sparkling altar of Nemelex Xobeh.
  6007 | D:7      | Found an ancient bone altar of Kikubaaqudgha.
  6015 | D:7      | Reached skill level 5 in Invocations
  6120 | D:7      | Reached * piety under Cheibriados
  6300 | D:7      | Found an oddly glowing altar of Pakellas.
  7003 | D:8      | Found Fin Ollo's General Store.
  7070 | D:6      | Bought a +2 pair of gloves of dexterity for 236 gold pieces
  7178 | D:8      | Reached skill level 12 in Polearms
  7204 | D:8      | Reached XP level 10. HP: 76/84 MP: 10/15
  7239 | D:8      | Reached ** piety under Cheibriados
  7807 | D:8      | Found a radiant altar of Vehumet.
  7827 | D:8      | Found a burning altar of Makhleb.
  7838 | D:8      | Found an iron altar of Okawaru.
  7988 | D:9      | Found a staircase to the Lair.
  8725 | D:9      | Noticed Psyche
  8763 | D:9      | Reached skill level 13 in Polearms
  8849 | D:9      | Killed Psyche
  8909 | D:9      | Reached *** piety under Cheibriados
  9730 | D:10     | Entered Level 10 of the Dungeon
  9944 | D:10     | Noticed Nergalle
  9976 | D:10     | Killed Nergalle
  9976 | D:10     | Reached XP level 11. HP: 77/90 MP: 14/18
  9990 | D:10     | Reached skill level 10 in Invocations
 10193 | D:10     | Reached **** piety under Cheibriados
 10985 | D:11     | Noticed a green ugly thing
 11002 | D:11     | Killed a green ugly thing
 11242 | D:11     | Noticed eragonby's ghost (journeyman DECj)
 11262 | D:11     | Killed eragonby's ghost
 11262 | D:11     | Reached skill level 14 in Polearms
 11607 | D:11     | Noticed a green ugly thing
 11607 | D:11     | Noticed a skeletal warrior
 11607 | D:11     | Noticed a skeletal warrior
 11611 | D:11     | Noticed a skeletal warrior
 11612 | D:11     | Noticed a skeletal warrior
 11619 | D:11     | Killed a green ugly thing
 11997 | D:11     | Killed a skeletal warrior
 12043 | D:11     | Killed a skeletal warrior
 12261 | D:11     | Killed a skeletal warrior
 12261 | D:11     | Reached XP level 12. HP: 40/97 MP: 15/21
 13147 | Lair:1   | Entered Level 1 of the Lair of Beasts
 13365 | Lair:1   | Reached skill level 15 in Polearms
 13383 | Lair:1   | Reached ***** piety under Cheibriados
 14161 | Lair:1   | Noticed Harold
 14181 | Lair:1   | Killed Harold
 15315 | Lair:2   | Reached skill level 5 in Fighting
 15830 | Lair:3   | Noticed a four-headed hydra
 15836 | Lair:3   | Noticed a four-headed hydra
 15836 | Lair:3   | HP: 4/103 [four-headed hydra (7)]
 16573 | Lair:3   | Reached skill level 16 in Polearms
 16771 | Lair:3   | Noticed a death yak
 16789 | Lair:3   | Killed a death yak
 17436 | Lair:3   | Killed a four-headed hydra
 17436 | Lair:3   | Gained mutation: You can use your snake-like lower body to constrict enemies. [Naga growth]
 17436 | Lair:3   | Reached XP level 13. HP: 51/111 MP: 16/22
 17982 | Lair:3   | Found a staircase to the Swamp.
 18650 | Lair:3   | HP: 1/111 [six-headed hydra (11)]
 18650 | Lair:3   | Slain by a six-headed hydra

Skill      XL: |  1  2  3  4  5  6  7  8  9 10 11 12 |
---------------+-------------------------------------+-----
Polearms       | 3 4 5 6 7 9 10 12 13 14 16 | 16.3
Invocations    | 2 6 9 12 | 12.5
Fighting       | 6 |  6.0
Armour         | |  2.4
Shields        | |  2.4

Action                   |  1- 3 |  4- 6 |  7- 9 | 10-12 | 13-15 || total
-------------------------+-------+-------+-------+-------+-------++-------
Melee: Trident           |   134 |   141 |   473 |   469 |    12 ||  1229
       Halberd           |       |       |       |   499 |     9 ||   508
       Constrict         |       |       |       |       |     2 ||     2
Invok: Bend Time         |       |       |    13 |    32 |     2 ||    47
       Temporal Distorti |       |       |       |     6 |     3 ||     9
       Step From Time    |       |       |       |     2 |       ||     2
       Slouch            |       |       |       |     2 |       ||     2
 Abil: Spit Poison       |     2 |     1 |    33 |    26 |     4 ||    66
Evoke: Wand              |       |       |       |     4 |       ||     4
  Use: Potion            |       |     3 |     1 |     8 |     2 ||    14
       Scroll            |       |    13 |     7 |    10 |     1 ||    31
 Stab: Invisible         |       |       |       |     2 |       ||     2
  Eat: Chunk             |       |     4 |    18 |    19 |     1 ||    42
       Royal jelly       |       |       |       |     1 |       ||     1
       Pizza             |       |       |       |     3 |       ||     3
       Fruit             |       |       |       |     1 |       ||     1
       Beef jerky        |       |       |       |       |     1 ||     1
Armor: Scale mail        |    51 |    27 |   126 |   326 |    23 ||   553
Dodge: Dodged            |    23 |    15 |    67 |   193 |    13 ||   311
Block: Shield            |    61 |    38 |   140 |   162 |       ||   401
